 Dungeon Crawl Stone Soup version 0.32-a0-841-g4648e6c457 (webtiles) character file.

Game seed: 13348845262150147482

590 Maxmaps the Changeling (level 7, -4/75 HPs)
             Began as an Octopode Shapeshifter on Mar 27, 2024.
             Splashed by a jelly's acid (9 damage)
             ... on level 5 of the Dungeon.
             The game lasted 00:04:14 (3455 turns).

Maxmaps the Changeling (Octopode Shapeshifter)      Turns: 3455, Time: 00:04:15

Health: -4/75      AC: -7    Str: 17 (20) XL:     7   Next: 38%
Magic:  7/7        EV: 12    Int: 12 (14) God:
Gold:   180        SH:  0    Dex: 10 (11) Spells: 6/6 levels left

rFire   . .          .
                       - Unarmed
rCold   . . .        (no shield)
rNeg    . . .        (helmet currently unavailable)
rPois   .            h - amulet of regeneration
rElec   .            e - +6 ring of strength
rCorr   .            (no ring)
SInv    .            (no ring)
Will    .....        (no ring) Stlth
                     (no ring)
HPRegen 1.12/turn    (no ring)
MPRegen 0.10/turn    (no ring)
                     (no ring)

%: no passive effects
@: berserking, lethally poisoned (-4 -> -5), beast-form, corroded, hasted, very
quick
A: beast (slay +3), almost no armour, amphibious, 8 rings, camouflage 1,
gelatinous body 1, (nimble swimmer 1), tentacles
a: Begin Untransformation


You were on level 5 of the Dungeon.
You were a hulking beast.
You visited 1 branch of the dungeon, and saw 5 of its levels.
You also visited: Sewer.

You collected 180 gold pieces.

Inventory:

Hand Weapons
 s - a +2 short sword of electrocution
Jewellery
 e - a +6 ring of strength (left tentacle)
 h - an amulet of regeneration (around mantle)
 t - a ring of positive energy
Talismans
 b - a beast talisman (active)
 c - a flux talisman
 v - a serpent talisman
Wands
 f - a wand of iceblast (14)
Scrolls
 d - a scroll of silence {unknown}
 g - 2 scrolls of fear {unknown}
 i - a scroll of vulnerability {unknown}
 k - 5 scrolls of identify {unknown}
 m - a scroll of enchant weapon {unknown}
 p - a scroll of immolation {unknown}
 u - a scroll of poison {unknown}
Potions
 j - a potion of ambrosia
 n - 2 potions of haste
 q - 2 potions of heal wounds {unknown}
 r - 2 potions of invisibility {unknown}
 w - a potion of mutation {unknown}


   Skills:
 - Level 5.1 Fighting
 - Level 2.0 Dodging
 - Level 3.0 Unarmed Combat
 + Level 6.0 Shapeshifting


You had 6 spell levels left.
You didn't know any spells.
Your spell library contained the following spells:

 Spells                   Type           Power      Damage    Failure   Level
 Freeze                   Ice            0%         1d3       32%         1
 Shock                    Conj/Air       0%         1d3       32%         1
 Slow                     Hex            0%         N/A       32%         1
 Confusing Touch          Hex            0%         N/A       69%         3
 Frozen Ramparts          Ice            0%         1d1       69%         3
 Hailstorm                Conj/Ice       0%         3d5       69%         3
 Swiftness                Air            0%         N/A       69%         3
 Vampiric Draining        Necr           0%         2d6       69%         3
 Airstrike                Air            0%         2d(0-16)  97%         4


Dungeon Overview and Level Annotations

Branches:
Dungeon (5/15)              Sewer (visited)
 Temple: D:4-7

Altars:
Elyvilon
Nemelex Xobeh
Ru
Sif Muna
Xom
Zin
The Shining One
Beogh

Shops:
D:1 =   D:5 !

Annotations:
D:4 3 runed translucent doors, cordlesssteve's ghost, novice GrFi


Innate Abilities, Weirdness & Mutations

You are a hulking beast.
Your limbs bulge with bestial killing power. (Slay +3)
You cannot wear most types of armour.
You are amphibious.
You can wear up to eight rings at the same time.
Your skin changes colour to match your surroundings (Stealth+).
Your rubbery body absorbs attacks. (AC +1, EV +1)
((You are camouflaged when in or above water. (Stealth+)))
You have tentacles for arms and can constrict up to eight enemies at once.


Message History

You are splashed with acid!
The jelly attacks as it pursues you! The jelly misses you.
The scorpion stings you.
It was a potion of degeneration.
There was something very wrong with that liquid.
You feel weakened.
You feel dopey.
You feel clumsy. The scorpion misses you.
It was a potion of haste.
You feel yourself speed up. The scorpion stings you! The scorpion stings you.
You are poisoned.
The scorpion poisons you!
It was a potion of berserk rage.
A red film seems to cover your vision as you go berserk!
You feel yourself moving faster!
You feel mighty!
You feel sick.
You closely miss the scorpion. Your grab misses the scorpion.
You feel sick. The scorpion stings you.
* * * LOW HITPOINT WARNING * * *
You tentacle-slap the scorpion. You grab the scorpion.
The scorpion is moderately wounded.
You constrict the scorpion.
You feel sick. The scorpion stings you.
* * * LOW HITPOINT WARNING * * *
You bludgeon the scorpion!
The scorpion is almost dead.
You constrict the scorpion.
You kill the scorpion!
You feel sick.
Your Shapeshifting skill increases to level 6!
You tentacle-slap the jelly.
Your tentacles burn!
* * * LOW HITPOINT WARNING * * *
You squeeze the jelly.
The jelly is heavily wounded.
You feel sick.
You tentacle-slap the jelly.
Your tentacles burn!
* * * LOW HITPOINT WARNING * * *
You squeeze the jelly!
The jelly is almost dead.
The jelly hits you.
* * * LOW HITPOINT WARNING * * *
You are splashed with acid!
You die...

.........)..............#..
...##.......<..###.###...#
##............. ##.##
##....######## #...
.#####...# #### $.........#
..####.#.## #.#J# #.#h#
#.#.# #.#.# ..... #.# #.#
#.# #.#


You could see a jelly.

Vanquished Creatures
  4 kobold brigands (Sewer)
  A scorpion (D:5)
  3 iguanas
  7 gnolls (D:2)
  An adder (D:5)
  A ribbon worm (D:2)
  2 dart slugs (D:2)
  5 orcs
  7 ball pythons
  6 endoplasms
  3 giant cockroaches
  6 goblins
  4 hobgoblins
  6 jackals (D:2)
  6 quokkas
  9 bats
  2 frilled lizards
  21 kobolds
  8 rats
102 creatures vanquished.

Notes
Turn   | Place    | Note
-------+----------+-------------------------------------------
     0 | D:1      | Maxmaps the Octopode Shapeshifter began the quest for the
                  | Orb.
     0 | D:1      | Reached XP level 1. HP: 13/13 MP: 1/1
    11 | D:1      | Found Ziux's Jewellery Boutique.
    98 | D:1      | Reached XP level 2. HP: 13/19 MP: 2/2
   519 | D:1      | Reached XP level 3. HP: 22/25 MP: 3/3
   822 | D:2      | Reached XP level 4. HP: 17/33 MP: 4/4
   965 | D:2      | Found a faded altar of an unknown god.
  1307 | D:2      | Reached XP level 5. HP: 5/38 MP: 5/5
  1313 | D:2      | HP: 1/57 [gnoll/+0 spear (3)]
  1317 | D:2      | Reached skill level 5 in Fighting
  1690 | D:3      | Found a glowing golden altar of the Shining One.
  1706 | D:3      | Found a white marble altar of Elyvilon.
  1749 | D:3      | Found a sacrificial altar of Ru.
  1850 | D:3      | Found a shimmering altar of Xom.
  1942 | D:3      | Found a sparkling altar of Nemelex Xobeh.
  1976 | D:4      | Found a shimmering blue altar of Sif Muna.
  2077 | D:4      | Found a glowing drain.
  2081 | Sewer    | Entered a sewer
  2186 | Sewer    | Noticed a kobold brigand
  2193 | Sewer    | Killed a kobold brigand
  2194 | Sewer    | Reached skill level 4 in Shapeshifting
  2194 | Sewer    | Reached XP level 6. HP: 18/45 MP: 6/6
  2337 | Sewer    | Reached skill level 5 in Shapeshifting
  2530 | Sewer    | Reached XP level 7. HP: 26/50 MP: 7/7
  2956 | D:4      | Found a runed translucent gate.
  2957 | D:4      | Found a runed translucent gate.
  2958 | D:4      | Found a runed translucent gate.
  2960 | D:4      | Noticed cordlesssteve's ghost (novice GrFi)
  3149 | D:4      | Found a glowing silver altar of Zin.
  3149 | D:4      | Noticed an angel
  3314 | D:4      | Found a roughly hewn altar of Beogh.
  3333 | D:5      | Entered Level 5 of the Dungeon
  3397 | D:5      | Found Peicsag's Distillery.
  3454 | D:5      | Reached skill level 6 in Shapeshifting
  3455 | D:5      | Splashed by a jelly's acid

Illustrated notes

Levels and vault maps discovered:
D:1:      roderic_dead_forest, layout_basic, serial_shops,
          nicolae_shop_gaudy_bauble
D:2:      layout_loops_ring, shapermc_ecumenical_altar_venn, minmay_tromino_v2
D:3:      layout_rooms, overflow_temple_1_default, nemelex_spade_bored_becter,
          elyvilon_altar_5, mainiacjoe_overflow_alcove_4,
          mainiacjoe_overflow_tiny_flanked, chequers_mini_garden
D:4:      layout_loops_ring, zin_angel, mainiacjoe_overflow_cross_hatched,
          gup_sewer_entry_bowl, biasface_ghost_orc_armoury
D:5:      layout_loops_ring, mainiacjoe_overflow_brackets, serial_shops, shop,
          shop, nicolae_shop_peninsula, shop, nicolae_lakefront_shop

Skill      XL: |  1  2  3  4  5  6  7 |
---------------+----------------------+-----
Fighting       | 2 3 4 5 |  5.1
Shapeshifting  | 4 5 6 |  6.0
Dodging        | |  2.0
Unarmed Combat | |  3.0

Action                     |  1- 3 |  4- 6 |  7- 9 || total
---------------------------+-------+-------+-------++-------
  Melee: Unarmed           |    57 |   103 |    25 ||   185
         Constrict         |    18 |    29 |     7 ||    54
         Tentacles         |     7 |    19 |     5 ||    31
         Punch             |     2 |     1 |       ||     3
    Use: Potion            |       |     4 |     6 ||    10
         Scroll            |       |     2 |       ||     2
   Stab: Sleeping          |     3 |     6 |     1 ||    10
 Armour: Skin              |    30 |    49 |    15 ||    94
  Dodge: Dodged            |    28 |    58 |    14 ||   100

Table legend: (Time is in decaauts)
 A = Elapsed time spent in this place.
 B = Non-inter-level travel time spent in this place.
 C = Inter-level travel time spent in this place.
 D = Time resting spent in this place.
 E = Time spent auto-exploring this place.
 F = Levels seen in this place.
 G = Mean time per level.
                   A        B        C        D        E       F      G
               +--------+--------+--------+--------+--------+-----+--------+
         Total |   3441 |   3309 |    132 |    349 |   2334 |   6 |  573.5 |
       Dungeon |   2902 |   2770 |    132 |    154 |   2122 |   5 |  580.4 |
         Sewer |    538 |    538 |      0 |    195 |    212 |   1 |  538.0 |
               +--------+--------+--------+--------+--------+-----+--------+

Top non-repeatable levels by time:
     D:2: 864 daAuts
     D:4: 817 daAuts
     D:1: 701 daAuts
   Sewer: 538 daAuts
     D:3: 400 daAuts
     D:5: 119 daAuts
